 Dungeon Sprint DCSS version 0.27-a0-101-g3cb999cee2 (webtiles) character file.

Game seed: 5134058366963593851

4 mhtbhm the Magician (level 1, -1/10 HPs)
             Began as a Deep Elf Earth Elementalist on Jan 22, 2021.
             Killed from afar by an orc wizard (9 damage)
             ... with a puff of flame
             ... in the Dungeon (Sprint IX: "|||||||||||||||||||||||||||||").
             The game lasted 00:00:23 (194 turns).

mhtbhm the Magician (Deep Elf Earth Elementalist)    Turns: 194, Time: 00:00:24

Health: -1/10      AC:  2    Str:  5    XL:     1   Next: 58%
Magic:  7/7        EV: 13    Int: 19    God:
Gold:   0          SH:  0    Dex: 15    Spells: 7/8 levels left

rFire    . . .     SeeInvis .   (no weapon)
rCold    . . .     Faith    .   (no shield)
rNeg     . . .     Spirit   .   c - +0 robe
rPois    .         Reflect  .   (no helmet)
rElec    .         Harm     .   (no cloak)
rCorr    .         Rampage  .   (no gloves)
Will     .....     NoTele   +   (no boots)
Stlth    +.........             (no amulet)
HPRegen  0.03/turn              (no ring)
MPRegen  0.10/turn              (no ring)

@: confused
A: no striking features
a: no special abilities


You were in the Dungeon.
You visited 1 branch

Inventory:

Missiles
 b - 23 stones
Armour
 c - a +0 robe (worn)
Scrolls
 i - a scroll of blinking
Potions
 f - a potion of haste
 g - 2 potions of magic
 h - a potion of berserk rage


   Skills:
 + Level 2.5 Dodging
 + Level 3.2 Stealth
 + Level 4.0 Spellcasting
 + Level 1.1 Transmutations
 + Level 3.9 Earth Magic


You had 7 spell levels left.
You knew the following spells:

 Your Spells              Type           Power        Failure   Level
a - Sandblast             Erth           36%          2%          1

Your spell library contained the following spells:

 Spells                   Type           Power        Failure   Level
 Passwall                 Tmut/Erth      10%          8%          2
 Stone Arrow              Conj/Erth      22%          19%         3
 Petrify                  Tmut/Erth      13%          43%         4
 Lee's Rapid Deconstruct  Erth           9%           58%         5


Dungeon Overview and Level Annotations

Branches:
Dungeon (1/1)

Altars:


Message History

You bump into the unnaturally hard rock wall.
The orc wizard casts a spell at you.
You are more confused.
Things that are here:
a +0 dagger; a +0 club; a goblin corpse You see here a hobgoblin corpse.
You bump into the unnaturally hard rock wall.
The orc wizard casts a spell at you. You resist with significant effort.
You bump into the unnaturally hard rock wall.
The orc wizard hits you with a +0 dagger.
The sky beast flickers out of sight!
Deactivating autopickup; reactivate with Ctrl-A.
You bump into the unnaturally hard rock wall.
The orc wizard completely misses you.
You bump into the unnaturally hard rock wall.
The orc wizard points at you and mumbles some strange words.
The puff of flame hits you!
Ouch! That really hurt!
You die... ▓▓▓▓▓▓▓▓▓▓▓▓▓▓▓▓▓▓ ▓<...)@o{SBZ.....+ ▓▓▓▓▓▓▓▓▓▓▓▓▓▓▓▓▓▓

You could see a worker ant, an orc wizard, a quokka zombie and a ball python.

Vanquished Creatures
  2 goblins (D)
  A hobgoblin (D)
  A bat (D)
  A kobold (D)
5 creatures vanquished.

Notes
Turn   | Place    | Note
-------+----------+-------------------------------------------
     0 | D        | mhtbhm the Deep Elf Earth Elementalist began the quest for
                  | the Orb.
     0 | D        | Reached XP level 1. HP: 10/10 MP: 6/6
    10 | D        | Reached skill level 4 in Spellcasting
   178 | D        | Noticed an orc wizard
   178 | D        | Noticed a sky beast
   178 | D        | Noticed a worker ant
   194 | D        | Killed from afar by an orc wizard

Illustrated notes

Levels and vault maps discovered:
D:        linesprint [early_d, line_temple, items_1, d_10, items_2, lair_1,
          lair_end, items_3, orc_1, orc_end, items_4, d_15, swamp_1, shoals_1,
          snake_1, spider_1, d_20, vaults_1, items_5, swamp_end, shoals_end,
          snake_end, spider_end, vaults_end, d_27, items_6, zot_1, zot_end,
          crypt_end, forest_end, elf_end, slime_end, tomb_end, abyss_end,
          pan_hell_end]

Skill      XL: |  1 |
---------------+----+-----
Stealth        | 3 |  3.2
Spellcasting   | 4 |  4.0
Dodging        | |  2.5
Transmutations | |  1.1
Earth Magic    | |  3.9

Action                   || total
-------------------------++-------
 Cast: Sandblast         ||     7
  Use: Potion            ||     2
Dodge: Dodged            ||     2

Table legend: (Time is in decaauts)
 A = Elapsed time spent in this place.
 B = Non-inter-level travel time spent in this place.
 C = Inter-level travel time spent in this place.
 D = Time resting spent in this place.
 E = Time spent auto-exploring this place.
 F = Levels seen in this place.
 G = Mean time per level.
                   A        B        C        D        E       F      G
               +--------+--------+--------+--------+--------+-----+--------+
         Total |    194 |    194 |      0 |    162 |      3 |   1 |  194.0 |
       Dungeon |    194 |    194 |      0 |    162 |      3 |   1 |  194.0 |
               +--------+--------+--------+--------+--------+-----+--------+

Top non-repeatable levels by time:
       D: 194 daAuts
